Map: Ulrena

Players

MMA

  • Race: Terran Terran

LiquidSnute (Snute) - Winner!

  • Race: Zerg Zerg
  • League: Grandmaster

Event: Homestory Cup XII

VOD

Have the link to the VOD?

Description

Time

  • Played on: Dec. 18, 2015, 1:21 p.m.
  • Length: 15:02

All games in this series

Show
View Real Time Build Order
Export as new Build Order

MMA Terran 

Build Orders: Liberator Opening, Reaper Expand, Bio Tank 

Get SALT Encoding   

  12  0:02  SCV  
  13  0:14  SCV  
  13  0:18  Supply Depot  
  14  0:26  SCV  
  15  0:40  SCV, Barracks  
  16  0:45  Refinery  
  16  0:52  SCV  
  18  1:04  SCV  
  18  1:16  SCV  
  19  1:28  Orbital Command  
  19  1:29  Reaper  
  20  1:41  Command Center  
  20  1:48  Supply Depot  
  20  1:54  SCV  
  21  2:01  Marine  
  21  2:06  SCV  
  23  2:09  Factory  
  23  2:16  Refinery  
  23  2:18  SCV  
  24  2:24  Barracks Reactor  
  24  2:30  SCV  
  25  2:42  SCV  
  26  2:53  Orbital Command  
  26  2:54  Starport  
  26  2:55  SCV, Widow Mine  
  26  2:56  Bunker  
  29  3:00  Marine x2  
  31  3:07  SCV  
  32  3:18  Supply Depot, Marine x2  
  32  3:19  SCV x2  
  36  3:31  SCV x2  
  36  3:32  Factory Tech Lab, Medivac  
  39  3:42  Marine x2  
  39  3:43  SCV x2  
  43  3:51  Siege Tank  
  46  3:55  SCV x2  
  46  3:56  Supply Depot  
  46  3:58  Liberator  
  48  4:09  SCV x2  
  50  4:14  Barracks Tech Lab  
  53  4:22  Command Center, SCV x2  
  53  4:36  SCV x2  
  53  4:37  Marine  
  53  4:38  Stimpack, Barracks  
  56  4:45  Barracks  
  48  4:50  SCV x2  
  50  4:55  Factory Reactor, Marine  
  50  4:58  Refinery  
  50  4:59  Starport Reactor  
  51  5:00  Refinery  
  51  5:01  Medivac  
  51  5:04  SCV  
  51  5:06  SCV, Engineering Bay x2  
  55  5:12  Marine  
  56  5:17  SCV  
  56  5:19  SCV  
  58  5:29  SCV  
  58  5:31  SCV, Marine x2  
  58  5:35  Starport Reactor  
  62  5:37  Terran Infantry Weapons Level 1, Terran Infantry Armor Level 1, Barracks  
  62  5:38  Barracks  
  62  5:43  Orbital Command  
  62  5:46  SCV x2  
  62  5:49  Marine  
  66  5:50  Marine  
  66  5:51  Marine  
  66  5:55  Marine  
  66  5:56  Marine  
  69  5:58  Siege Tank  
  69  5:59  SCV  
  69  6:00  SCV  
  74  6:05  Supply Depot  
  74  6:06  Supply Depot  
  74  6:10  Marine  
  74  6:11  Marine x2  
  77  6:20  Orbital Command  
  77  6:25  Barracks Reactor x2  
  77  6:26  Medivac x2, Marine x2  
  77  6:27  SCV x2  
  77  6:30  Supply Depot x2  
  77  6:32  Marine x2  
  87  6:35  Marine  
  87  6:36  Siege Tank  
  91  6:40  SCV  
  91  6:41  SCV  
  91  6:46  Marine  
  93  6:48  Armory  
  93  6:50  Bunker  
  93  6:51  SCV, Marine x2  
  93  6:54  Combat Shields  
  96  6:55  Supply Depot  
  96  6:56  SCV x2  
  96  7:00  Marine x2  
  100  7:04  SCV, Marine  
  102  7:08  SCV x2  
  102  7:09  Marine  
  102  7:10  Refinery  
  102  7:11  Siege Tank  
  102  7:14  Marine  
  109  7:17  SCV, Marine x4  
  109  7:19  Marauder  
  117  7:22  SCV  
  117  7:32  Bunker  
  117  7:34  Terran Infantry Weapons Level 2  
  117  7:35  Supply Depot  
  117  7:36  Supply Depot  
  117  7:38  Supply Depot, Terran Infantry Armor Level 2  
  117  7:48  Supply Depot  
  117  7:54  SCV  
  117  7:56  Marine x6  
  117  7:57  Marine x2, Marauder  
  128  7:58  SCV x2  
  128  8:02  Siege Tank  
  128  8:03  Medivac  
  134  8:06  SCV  
  134  8:09  Supply Depot  
  134  8:11  Supply Depot  
  135  8:13  Supply Depot, Concussive Shells  
  135  8:16  Marine x2  
  135  8:17  Factory, Marine x2  
  135  8:18  Marauder  
  141  8:20  Marine x2  
  141  8:24  SCV x2, Marine  
  141  8:25  Marine  
  141  8:36  Command Center  
  141  8:42  Siege Tank, Marauder  
  141  8:43  Medivac x2  
  141  8:45  Marine x5  
  141  8:46  Marine x2  
  141  8:47  Marine  
  158  8:55  Refinery  
  158  8:58  Barracks  
  158  9:02  Barracks  
  158  9:08  Barracks  
  158  9:09  Supply Depot, Terran Vehicle Weapons Level 1  
  158  9:10  Supply Depot, Factory Tech Lab  
  158  9:11  Marauder  
  158  9:14  Marine x2  
  158  9:15  Marine x5  
  157  9:20  Siege Tank  
  157  9:21  Medivac  
  157  9:23  Medivac  
  164  9:42  Marauder, Marine x6  
  164  9:43  Siege Tank, Marine x2  
  177  9:45  Barracks Tech Lab  
  177  9:53  Medivac x2  
  177  9:56  Barracks Tech Lab  
  177  9:57  Barracks Tech Lab  
  177  9:59  Terran Infantry Weapons Level 3  
  181  10:08  Barracks Tech Lab  
  181  10:11  Terran Infantry Armor Level 3  
  181  10:15  Marauder x2  
  185  10:32  Refinery  
  184  10:38  Marine x3  
  184  10:39  Marauder x2  
  184  10:42  Marauder x2, Marine x3  
  191  10:48  Medivac x2  
  168  10:52  Siege Tank  
  168  10:56  Marine x3  
  157  10:59  Marine  
  157  11:00  Marine x3  
  154  11:05  Marine  
  154  11:07  Missile Turret  
  148  11:19  Marauder x2, Marine x7  
  148  11:23  Marine  
  148  11:25  Siege Tank  
  158  11:26  Medivac x2  
  158  11:28  Planetary Fortress  
  162  11:37  Marine x2  
  162  11:38  Marauder  
  154  11:40  Siege Tank  
  154  11:41  Marine x2  
  154  11:43  Marine  
  148  11:54  Marine x2  
  148  11:55  Marauder, Marine x3  
  148  11:56  Medivac x2  
  148  11:58  Siege Tank  
  148  11:59  Marine x3  
  154  12:03  Marine  
  145  12:12  Siege Tank, Marine x2  
  145  12:13  Marauder  
  144  12:16  Marine  
  144  12:17  Marine x3  
  144  12:18  Marauder x2  
  144  12:30  Siege Tank  
  144  12:32  Marauder, Marine x2  
  144  12:34  Marauder, Marine x2  
  144  12:35  Marine x2  
  151  12:40  Marauder  
  153  12:44  Siege Tank  
  153  12:46  Marauder  
  153  12:49  Medivac  
  153  12:50  Marine x2  
  155  12:52  Marine x3  
  155  12:53  Marauder, Marine  
  155  12:56  Marauder  
  153  13:00  Marine  
  149  13:08  Marauder, Marine x2  
  149  13:10  Marine  
  154  13:14  Liberator, Marine  
  154  13:15  Marauder  
  154  13:16  Marine  
  154  13:17  Marauder  
  154  13:19  Marauder  
  157  13:20  Marine  
  157  13:25  Marine  
  155  13:29  Marauder  
  159  13:39  Marauder, Marine  
  159  13:40  Marine  
  156  13:48  Marine x2  
  154  13:53  Siege Tank  
  152  14:00  Marine x2  
  153  14:09  Marine x2, Marauder x2  
  147  14:10  Marine  
  147  14:12  Marine  
  147  14:14  Marine  
  147  14:17  Marine  
  149  14:21  Marine x2  
  128  14:34  Marine  
  128  14:35  Marauder x2  
  122  14:42  Marine  
  122  14:43  Marine  
Show
View Real Time Build Order
Export as new Build Order

LiquidSnute Zerg - Winner!

Build Orders: Hatch First 

Get SALT Encoding   

  12  0:00  Drone  
  13  0:12  Overlord  
  13  0:17  Drone  
  14  0:30  Drone x2  
  14  0:34  Drone  
  17  0:52  Hatchery  
  17  0:56  Drone  
  17  0:58  Drone  
  17  1:00  Extractor  
  17  1:14  Spawning Pool  
  17  1:17  Drone  
  17  1:20  Drone  
  18  1:30  Drone  
  19  1:38  Overlord  
  19  2:00  Queen  
  22  2:01  Zergling x4  
  22  2:02  Metabolic Boost  
  22  2:06  Queen  
  25  2:12  Overlord  
  25  2:15  Drone  
  26  2:22  Drone  
  27  2:27  Drone  
  27  2:28  Drone  
  29  2:36  Drone  
  29  2:37  Drone  
  31  2:44  Queen  
  31  2:46  Drone  
  31  2:48  Drone  
  35  2:54  Drone  
  35  2:58  Drone  
  37  3:04  Overlord  
  37  3:09  Drone x4  
  41  3:13  Drone x3  
  41  3:17  Overlord  
  44  3:32  Hatchery  
  43  3:36  Overlord  
  43  3:39  Drone x4  
  47  3:45  Drone  
  47  3:46  Roach Warren  
  47  3:48  Extractor  
  47  3:49  Drone  
  47  3:50  Drone  
  47  3:52  Drone  
  49  3:56  Drone x2  
  49  3:57  Drone  
  49  3:59  Drone  
  53  4:04  Spore Crawler  
  53  4:08  Queen  
  54  4:12  Queen  
  56  4:21  Zergling x8  
  59  4:35  Roach  
  59  4:36  Roach x3  
  66  4:49  Overlord  
  66  4:52  Overlord  
  72  4:56  Drone, Overlord  
  72  4:59  Overlord  
  73  5:05  Lair  
  66  5:08  Drone x2  
  66  5:09  Drone  
  66  5:10  Evolution Chamber  
  66  5:11  Evolution Chamber  
  66  5:12  Drone  
  68  5:15  Ravager x4  
  68  5:20  Drone x4  
  76  5:24  Drone x2  
  76  5:25  Drone x2  
  76  5:28  Drone, Extractor  
  81  5:29  Drone  
  81  5:30  Extractor  
  81  5:32  Extractor x2  
  81  5:35  Drone  
  79  5:36  Zerg Missile Weapons Level 1  
  79  5:37  Drone  
  79  5:39  Drone  
  81  5:44  Drone x3  
  84  5:50  Queen, Zergling x4  
  84  5:51  Queen  
  90  5:58  Zerg Ground Armor Level 1  
  90  6:00  Zergling x10  
  95  6:07  Infestation Pit  
  94  6:17  Drone x2  
  94  6:18  Drone x2  
  97  6:19  Overlord x2  
  97  6:20  Glial Reconstitution  
  97  6:21  Overlord  
  97  6:34  Overlord x2  
  97  6:36  Queen  
  99  6:41  Overlord  
  99  6:42  Drone x2  
  99  6:43  Drone x2  
  99  6:45  Drone x2  
  99  6:46  Pathogen Glands  
  105  6:56  Roach  
  105  6:57  Overlord, Roach x3  
  113  7:10  Infestor  
  113  7:11  Infestor x2  
  113  7:12  Roach  
  113  7:13  Roach x5  
  130  7:17  Roach  
  130  7:19  Ravager x2  
  130  7:21  Overlord x2  
  134  7:25  Overlord  
  134  7:34  Overlord  
  134  7:35  Pneumatized Carapace  
  134  7:37  Zerg Missile Weapons Level 2  
  134  7:42  Hatchery  
  133  7:44  Roach  
  133  7:45  Roach x6  
  133  7:49  Ravager  
  148  8:04  Overlord  
  148  8:05  Zerg Ground Armor Level 2  
  148  8:11  Roach x6  
  148  8:12  Overlord x2  
  158  8:21  Overlord x2  
  153  8:30  Drone x7  
  159  8:37  Extractor  
  159  8:39  Roach  
  159  8:40  Roach x7  
  159  8:41  Extractor  
  173  8:43  Ravager x3  
  178  8:48  Roach x2  
  178  8:49  Roach x2  
  178  8:52  Hive  
  184  9:00  Roach x4  
  191  9:23  Roach  
  191  9:24  Roach x3  
  199  9:25  Ravager  
  200  9:58  Spine Crawler  
  200  9:59  Hatchery, Overseer  
  198  10:02  Spine Crawler  
  198  10:05  Zerg Missile Weapons Level 3  
  197  10:24  Zerg Ground Armor Level 3  
  191  10:48  Roach x14  
  191  10:49  Roach x3  
  199  10:52  Infestor  
  199  10:53  Infestor x6  
  183  11:04  Roach  
  183  11:05  Roach x7  
  183  11:07  Ravager x2  
  189  11:18  Roach x9  
  188  11:23  Roach x3  
  188  11:24  Roach  
  166  11:43  Roach  
  166  11:44  Roach x12  
  190  11:51  Roach  
  188  11:56  Roach x4  
  184  12:02  Roach  
  184  12:03  Roach x3  
  176  12:13  Ravager x4  
  176  12:14  Ravager  
  176  12:18  Roach x8  
  188  12:32  Roach x6  
  198  12:37  Overlord  
  195  12:47  Overlord, Roach  
  195  12:48  Overlord  
  189  13:04  Roach  
  189  13:05  Roach x9  
  200  13:12  Roach x2  
  196  13:25  Infestor x3  
  177  13:47  Roach x13  
  183  13:56  Roach x3  
  183  13:57  Ravager x5  
  183  13:58  Ravager x2  
  192  14:03  Roach x4  
  192  14:11  Ravager x6  
  192  14:13  Roach  
  200  14:18  Roach  
  166  14:40  Roach x4  
Tags
 
Add a new tag
Caveats
  • Supply blocks, unpowered buildings, or Contaminate may cause inaccurate times.
  • Supply counts are checked every 10 seconds.